| TOP OF THE 1ST |
|
Clearwater Threshers batting - Pitching for Fort Myers Miracles : RHP David Valerio
|
|
Pitching: RHP David Valerio
|
|
|
Batting: LHB Tom Jones
|
0-0: Ball 1-0: Bunt for hit to 15S - play at first, batter OUT! 1-3
|
|
Batting: RHB Vincent Beringhele
|
0-0: Foul Ball, location: 2F 0-1: SINGLE (Groundball, 6MD, EV 106.3 MPH)
|
|
Batting: RHB Roy Wolfe
|
0-0: Ball Vincent Beringhele steals 2nd base 1-0: Foul Ball, location: 2F 1-1: Ball 2-1: Ball 3-1: Foul Ball, location: 2F 3-2: Base on Balls
|
|
Batting: RHB Cliff Pastornicky
|
0-0: Ball 1-0: Ball 2-0: Called Strike 2-1: Fly out, F6 (Flyball, 5D, EV 92.5 MPH)
|
|
Batting: RHB Ralph Antone
|
0-0: Swinging Strike 0-1: DOUBLE (Line Drive, 7LM, EV 105.6 MPH) Vincent Beringhele scores Roy Wolfe to third Runner from 3rd tries for Home, SAFE, no throw by LF
|
|
Batting: RHB John Smith
|
0-0: Ball 1-0: Swinging Strike 1-1: Called Strike 1-2: Strikes out swinging
|
| Top of the 1st over - 2 runs, 2 hits, 0 errors, 1 left on base; Clearwater 2 - Fort Myers 0 |
| BOTTOM OF THE 1ST |
|
Fort Myers Miracles batting - Pitching for Clearwater Threshers : RHP R.J. Rodriguez
|
|
Pitching: RHP R.J. Rodriguez
|
|
|
Batting: SHB Ronnie Chapman
|
0-0: Ground out 5-3 (Groundball, 5S, EV 69.4 MPH)
|
|
Batting: RHB T.J. Stout
|
0-0: Ball 1-0: Foul Ball, location: 2F 1-1: Foul Ball, location: 2F 1-2: Ball 2-2: Ball 3-2: Foul Ball, location: 2F 3-2: DOUBLE (Flyball, 89D, EV 103.8 MPH)
|
|
Batting: RHB Bobby Hinson
|
0-0: Ball 1-0: SINGLE (Groundball, 56S, EV 72.5 MPH) (infield hit) T.J. Stout to third
|
|
Batting: LHB Abraham Becerra
|
0-0: Called Strike 0-1: Ball 1-1: Ball 2-1: Ball 3-1: Fly out, F9 (Flyball, 9LM, EV 90.0 MPH)
|
|
Batting: RHB Galtero Gioacchini
|
0-0: Ball 1-0: Foul Ball, location: 2F 1-1: Ball 2-1: Ball 3-1: Base on Balls Bobby Hinson to second
|
|
Batting: RHB Michael Saccocio
|
0-0: Ball 1-0: Called Strike 1-1: Swinging Strike 1-2: Foul Ball, location: 2F 1-2: SINGLE (Groundball, 34D, EV 105.0 MPH) T.J. Stout scores Bobby Hinson to third Galtero Gioacchini to second Runner from 3rd tries for Home, SAFE, throw by RF to home Galtero Gioacchini to third Michael Saccocio to second
|
|
Batting: LHB Rodney Hodde
|
0-0: Ball 1-0: Ball 2-0: Called Strike 2-1: Ball 3-1: Base on Balls
|
|
Batting: LHB Stacey Pettis
|
0-0: Fly out, F7 (Flyball, 7, EV 77.5 MPH)
|
| Bottom of the 1st over - 2 runs, 3 hits, 0 errors, 3 left on base; Clearwater 2 - Fort Myers 2 |
| TOP OF THE 2ND |
|
Clearwater Threshers batting - Pitching for Fort Myers Miracles : RHP David Valerio
|
|
Batting: RHB Charles Jennings
|
0-0: Swinging Strike 0-1: Swinging Strike 0-2: Foul Ball, location: 2F 0-2: Ground out 6-3 (Groundball, 6M, EV 91.9 MPH)
|
|
Batting: RHB Drungo Hazewood
|
0-0: Called Strike 0-1: Ball 1-1: Swinging Strike 1-2: Strikes out swinging
|
|
Batting: RHB Pedro Hernandez
|
0-0: Foul Ball, location: 2F 0-1: Ball 1-1: Ball 2-1: Foul Ball, location: 2F 2-2: Strikes out swinging
|
| Top of the 2nd over - 0 runs, 0 hits, 0 errors, 0 left on base; Clearwater 2 - Fort Myers 2 |
| BOTTOM OF THE 2ND |
|
Fort Myers Miracles batting - Pitching for Clearwater Threshers : RHP R.J. Rodriguez
|
|
Batting: RHB Rico Escobar
|
0-0: Ball 1-0: Fly out, F9 (Flyball, 89XD, EV 90.0 MPH)
|
|
Batting: SHB Ronnie Chapman
|
0-0: Ground out 6-3 (Groundball, 6, EV 92.5 MPH)
|
|
Batting: RHB T.J. Stout
|
0-0: Called Strike 0-1: Ball 1-1: Ball 2-1: SINGLE (Line Drive, 9S, EV 94.4 MPH)
|
|
Batting: RHB Bobby Hinson
|
0-0: Ball 1-0: Foul Ball, location: 2F 1-1: SINGLE (Groundball, 6MD, EV 94.4 MPH) T.J. Stout to second Runner from 2nd tries for 3rd, SAFE, no throw by CF
|
|
Batting: LHB Abraham Becerra
|
0-0: SINGLE (Flyball, 6D, EV 89.4 MPH) T.J. Stout scores Bobby Hinson to second
|
|
Batting: RHB Galtero Gioacchini
|
0-0: Ball 1-0: Fielders Choice at 2nd, 6-4 (Groundball, 6, EV 102.5 MPH)
|
| Bottom of the 2nd over - 1 run, 3 hits, 0 errors, 2 left on base; Clearwater 2 - Fort Myers 3 |
| TOP OF THE 3RD |
|
Clearwater Threshers batting - Pitching for Fort Myers Miracles : RHP David Valerio
|
|
Batting: LHB Tom Jones
|
0-0: Ball 1-0: Called Strike 1-1: SINGLE (Groundball, 4D, EV 110.6 MPH)
|
|
Batting: RHB Vincent Beringhele
|
0-0: Called Strike 0-1: Ball 1-1: Fly out, F5 (Popup, 56S, EV 69.4 MPH)
|
|
Batting: RHB Roy Wolfe
|
0-0: Ball Tom Jones steals 2nd base 1-0: Called Strike 1-1: Fly out, F2 (Popup, 23F, EV 90.6 MPH)
|
|
Batting: RHB Cliff Pastornicky
|
0-0: Called Strike 0-1: Ground out 5-3 (Groundball, 56, EV 81.9 MPH)
|
| Top of the 3rd over - 0 runs, 1 hit, 0 errors, 1 left on base; Clearwater 2 - Fort Myers 3 |
| BOTTOM OF THE 3RD |
|
Fort Myers Miracles batting - Pitching for Clearwater Threshers : RHP R.J. Rodriguez
|
|
Batting: RHB Michael Saccocio
|
0-0: Ball 1-0: Foul Ball, location: 2F 1-1: Swinging Strike 1-2: Strikes out swinging
|
|
Batting: LHB Rodney Hodde
|
0-0: Ball 1-0: Ball 2-0: Called Strike 2-1: Ball 3-1: Foul Ball, location: 2F 3-2: Base on Balls
|
|
Batting: LHB Stacey Pettis
|
0-0: Ball 1-0: Ball 2-0: Fly out, F5 (Flyball, 5D, EV 86.3 MPH)
|
|
Batting: RHB Rico Escobar
|
0-0: Ball 1-0: Swinging Strike 1-1: Ball 2-1: Called Strike 2-2: Ball 3-2: Ground out 5-3 (Groundball, 5, EV 91.9 MPH)
|
| Bottom of the 3rd over - 0 runs, 0 hits, 0 errors, 1 left on base; Clearwater 2 - Fort Myers 3 |
| TOP OF THE 4TH |
|
Clearwater Threshers batting - Pitching for Fort Myers Miracles : RHP David Valerio
|
|
Batting: RHB Ralph Antone
|
0-0: Ball 1-0: Ball 2-0: Called Strike 2-1: SINGLE (Line Drive, 89M, EV 94.4 MPH)
|
|
Batting: RHB John Smith
|
0-0: Called Strike 0-1: Ball 1-1: Swinging Strike 1-2: Ball 2-2: Strikes out looking
|
|
Batting: RHB Charles Jennings
|
0-0: Ball 1-0: Called Strike 1-1: Called Strike 1-2: Strikes out looking
|
|
Batting: RHB Drungo Hazewood
|
0-0: Ball 1-0: Called Strike 1-1: 2-RUN HOME RUN (Flyball, 7D, EV 95.0 MPH), Distance : 372 ft
|
|
Batting: RHB Pedro Hernandez
|
0-0: Called Strike 0-1: Ball 1-1: Swinging Strike 1-2: Foul Ball, location: 2F 1-2: Foul Ball, location: 2F 1-2: Foul Ball, location: 2F 1-2: Strikes out swinging
|
| Top of the 4th over - 2 runs, 2 hits, 0 errors, 0 left on base; Clearwater 4 - Fort Myers 3 |
| BOTTOM OF THE 4TH |
|
Fort Myers Miracles batting - Pitching for Clearwater Threshers : RHP R.J. Rodriguez
|
|
Batting: SHB Ronnie Chapman
|
0-0: Ball 1-0: DOUBLE (Line Drive, 9LM, EV 104.4 MPH)
|
|
Batting: RHB T.J. Stout
|
0-0: Ball 1-0: Called Strike 1-1: Ball 2-1: Called Strike 2-2: Foul Ball, location: 2F 2-2: Ground out 5-3 (Groundball, 56S, EV 72.5 MPH) Ronnie Chapman to third
|
|
Batting: RHB Bobby Hinson
|
0-0: Called Strike 0-1: SINGLE (Line Drive, 3D, EV 95.0 MPH) Ronnie Chapman scores
|
|
Batting: LHB Abraham Becerra
|
0-0: Ball 1-0: Ball 2-0: Ball 3-0: Base on Balls Bobby Hinson to second
|
|
Batting: RHB Galtero Gioacchini
|
0-0: Ball 1-0: Ball 2-0: Called Strike 2-1: Swinging Strike 2-2: Ball 3-2: Foul Ball, location: 2F 3-2: Foul Ball, location: 2F 3-2: Strikes out swinging
|
|
Batting: RHB Michael Saccocio
|
0-0: Ball 1-0: Ball 2-0: Called Strike 2-1: Ground out 1-3 (Groundball, 23, EV 62.5 MPH)
|
| Bottom of the 4th over - 1 run, 2 hits, 0 errors, 2 left on base; Clearwater 4 - Fort Myers 4 |
| TOP OF THE 5TH |
|
Clearwater Threshers batting - Pitching for Fort Myers Miracles : RHP David Valerio
|
|
Batting: LHB Tom Jones
|
0-0: Called Strike 0-1: Ball 1-1: Swinging Strike 1-2: Fly out, F8 (Line Drive, 8LM, EV 108.8 MPH)
|
|
Batting: RHB Vincent Beringhele
|
0-0: Called Strike 0-1: Foul Ball, location: 2F 0-2: Ball 1-2: Foul Ball, location: 2F 1-2: Ball 2-2: Foul Ball, location: 2F 2-2: Strikes out looking
|
|
Batting: RHB Roy Wolfe
|
0-0: SINGLE (Groundball, 5D, EV 95.0 MPH)
|
|
Batting: RHB Cliff Pastornicky
|
0-0: Called Strike 0-1: SINGLE (Groundball, 34D, EV 105.6 MPH) Roy Wolfe to second Runner from 2nd tries for 3rd, SAFE, throw by RF made to third
|
|
Batting: RHB Ralph Antone
|
0-0: Ball 1-0: SINGLE (Groundball, 3D, EV 97.5 MPH) Roy Wolfe scores Cliff Pastornicky to second Runner from 2nd tries for 3rd, SAFE, throw by RF made to third
|
|
Batting: RHB John Smith
|
0-0: Ball 1-0: Fly out, F8 (Flyball, 8RXD, EV 102.5 MPH)
|
| Top of the 5th over - 1 run, 3 hits, 0 errors, 2 left on base; Clearwater 5 - Fort Myers 4 |
| BOTTOM OF THE 5TH |
|
Fort Myers Miracles batting - Pitching for Clearwater Threshers : RHP R.J. Rodriguez
|
|
Batting: LHB Rodney Hodde
|
0-0: Ball 1-0: Ball 2-0: Foul Ball, location: 2F 2-1: Called Strike 2-2: Ball 3-2: Base on Balls
|
|
Batting: LHB Stacey Pettis
|
0-0: SINGLE (Line Drive, 8LS, EV 91.3 MPH) Rodney Hodde to second
|
|
Batting: RHB Rico Escobar
|
0-0: Bunted foul 0-1: Ball 1-1: Bunted foul 1-2: Ground out U3 (Groundball, 23, EV 87.5 MPH) Rodney Hodde to third Stacey Pettis to second
|
|
Batting: SHB Ronnie Chapman
|
0-0: Called Strike 0-1: Ball 1-1: Swinging Strike 1-2: Strikes out swinging
|
|
Batting: RHB T.J. Stout
|
0-0: Ball 1-0: Foul Ball, location: 2F 1-1: Ball 2-1: Ball 3-1: Base on Balls
|
|
Batting: RHB Bobby Hinson
|
0-0: Ball 1-0: Fly out, F8 (Flyball, 8RD, EV 93.1 MPH)
|
| Bottom of the 5th over - 0 runs, 1 hit, 0 errors, 3 left on base; Clearwater 5 - Fort Myers 4 |
| TOP OF THE 6TH |
|
Clearwater Threshers batting - Pitching for Fort Myers Miracles : RHP David Valerio
|
|
Batting: RHB Charles Jennings
|
0-0: Ball 1-0: Called Strike 1-1: Swinging Strike 1-2: Strikes out looking
|
|
Batting: RHB Drungo Hazewood
|
0-0: Ball 1-0: Called Strike 1-1: Swinging Strike 1-2: Ball 2-2: Strikes out swinging
|
|
Batting: RHB Pedro Hernandez
|
0-0: Ball 1-0: Ball 2-0: SINGLE (Groundball, 25, EV 68.1 MPH) (infield hit)
|
|
Batting: LHB Tom Jones
|
0-0: Ball 1-0: Foul Ball, location: 2F 1-1: Ball 2-1: SINGLE (Line Drive, 78S, EV 100.0 MPH) Pedro Hernandez to second
|
|
Pitching: RHP Roberto Galvez
|
|
|
Batting: RHB Vincent Beringhele
|
0-0: Ball 1-0: Foul Ball, location: 2F 1-1: Ball 2-1: Called Strike 2-2: Strikes out swinging
|
| Top of the 6th over - 0 runs, 2 hits, 0 errors, 2 left on base; Clearwater 5 - Fort Myers 4 |
| BOTTOM OF THE 6TH |
|
Fort Myers Miracles batting - Pitching for Clearwater Threshers : RHP R.J. Rodriguez
|
|
Batting: LHB Abraham Becerra
|
0-0: Ball 1-0: Foul Ball, location: 2F 1-1: Swinging Strike 1-2: Strikes out looking
|
|
Batting: RHB Galtero Gioacchini
|
0-0: Fly out, F9 (Flyball, 9LD, EV 109.4 MPH)
|
|
Batting: RHB Michael Saccocio
|
0-0: Foul Ball, location: 2F 0-1: Called Strike 0-2: Foul Ball, location: 2F 0-2: Ball 1-2: Ball 2-2: Foul Ball, location: 2F 2-2: Foul Ball, location: 2F 2-2: Fly out, F8 (Flyball, 8LD, EV 96.3 MPH)
|
| Bottom of the 6th over - 0 runs, 0 hits, 0 errors, 0 left on base; Clearwater 5 - Fort Myers 4 |
| TOP OF THE 7TH |
|
Clearwater Threshers batting - Pitching for Fort Myers Miracles : RHP Roberto Galvez
|
|
Batting: RHB Roy Wolfe
|
0-0: Called Strike 0-1: Foul Ball, location: 2F 0-2: Foul Ball, location: 2F 0-2: Ball 1-2: Foul Ball, location: 2F 1-2: Foul Ball, location: 2F 1-2: Ball 2-2: Fly out, F6 (Flyball, 56D, EV 91.9 MPH)
|
|
Batting: RHB Cliff Pastornicky
|
0-0: Called Strike 0-1: Fly out, F7 (Line Drive, 7D, EV 104.4 MPH)
|
|
Batting: RHB Ralph Antone
|
0-0: Ball 1-0: Foul Ball, location: 2F 1-1: Reached on error, E4 (Groundball, 4S, EV 86.9 MPH)
|
|
Batting: RHB John Smith
|
0-0: Called Strike 0-1: Swinging Strike 0-2: Ball 1-2: Strikes out swinging
|
| Top of the 7th over - 0 runs, 0 hits, 1 error, 1 left on base; Clearwater 5 - Fort Myers 4 |
| BOTTOM OF THE 7TH |
|
Fort Myers Miracles batting - Pitching for Clearwater Threshers : RHP R.J. Rodriguez
|
|
Batting: LHB Rodney Hodde
|
0-0: Foul Ball, location: 2F 0-1: Swinging Strike 0-2: Ball 1-2: Ground out 4-3 (Groundball, 4M, EV 89.4 MPH)
|
|
Batting: LHB Stacey Pettis
|
0-0: Called Strike 0-1: Swinging Strike 0-2: Ball 1-2: Foul Ball, location: 2F 1-2: Ball 2-2: Strikes out swinging
|
|
Batting: RHB Rico Escobar
|
0-0: Ground out 5-3 (Groundball, 56S, EV 70.6 MPH)
|
| Bottom of the 7th over - 0 runs, 0 hits, 0 errors, 0 left on base; Clearwater 5 - Fort Myers 4 |
| TOP OF THE 8TH |
|
Clearwater Threshers batting - Pitching for Fort Myers Miracles : RHP Roberto Galvez
|
|
Batting: RHB Charles Jennings
|
0-0: Ball 1-0: Ball 2-0: Called Strike 2-1: Ball 3-1: Base on Balls
|
|
Pitching: LHP Luis Santos
|
|
|
Batting: RHB Drungo Hazewood
|
0-0: Called Strike 0-1: Ball 1-1: Ball 2-1: Called Strike 2-2: Foul Ball, location: 2F 2-2: Strikes out swinging
|
|
Batting: RHB Pedro Hernandez
|
0-0: Called Strike 0-1: SINGLE (Groundball, 56S, EV 76.3 MPH) (infield hit) Charles Jennings to second
|
|
Batting: LHB Tom Jones
|
0-0: Ball 1-0: Fielders Choice at 2nd, 6-4 (Groundball, 56D, EV 86.3 MPH) Charles Jennings to third
|
|
Batting: RHB Vincent Beringhele
|
0-0: Fly out, F7 (Line Drive, 7, EV 99.4 MPH)
|
| Top of the 8th over - 0 runs, 1 hit, 0 errors, 2 left on base; Clearwater 5 - Fort Myers 4 |
| BOTTOM OF THE 8TH |
|
Fort Myers Miracles batting - Pitching for Clearwater Threshers : RHP R.J. Rodriguez
|
|
Pitching: RHP Gil Ryan
|
|
|
Batting: SHB Ronnie Chapman
|
0-0: Ball 1-0: Ball 2-0: Foul Ball, location: 2F 2-1: Foul Ball, location: 2F 2-2: Ball 3-2: SINGLE (Groundball, 34D, EV 102.5 MPH)
|
|
Batting: RHB T.J. Stout
|
0-0: Called Strike 0-1: Called Strike 0-2: Ball 1-2: Strikes out swinging
|
|
Batting: RHB Bobby Hinson
|
0-0: Grounds into double play, 6-4-3 (Groundball, 56, EV 87.5 MPH)
|
| Bottom of the 8th over - 0 runs, 1 hit, 0 errors, 0 left on base; Clearwater 5 - Fort Myers 4 |
| TOP OF THE 9TH |
|
Clearwater Threshers batting - Pitching for Fort Myers Miracles : LHP Luis Santos
|
|
Batting: RHB Roy Wolfe
|
0-0: Called Strike 0-1: Foul Ball, location: 2F 0-2: Ball 1-2: Ball 2-2: Strikes out looking
|
|
Batting: RHB Cliff Pastornicky
|
0-0: Called Strike 0-1: Ball 1-1: Ball 2-1: Ball 3-1: Foul Ball, location: 2F 3-2: Base on Balls
|
|
Batting: RHB Ralph Antone
|
0-0: Foul Ball, location: 2F 0-1: Ball 1-1: Ball 2-1: Called Strike 2-2: Strikes out looking
|
|
Batting: RHB John Smith
|
0-0: Ball 1-0: Swinging Strike 1-1: Foul Ball, location: 2F 1-2: Foul Ball, location: 2F 1-2: Strikes out swinging
|
| Top of the 9th over - 0 runs, 0 hits, 0 errors, 1 left on base; Clearwater 5 - Fort Myers 4 |
| BOTTOM OF THE 9TH |
|
Fort Myers Miracles batting - Pitching for Clearwater Threshers : RHP Gil Ryan
|
|
Pitching: RHP Leslie Rizenman
|
|
|
Now at 3B: Pete Piskol
|
|
|
Batting: LHB Abraham Becerra
|
0-0: Called Strike 0-1: Called Strike 0-2: Ball 1-2: Foul Ball, location: 2F 1-2: Ball 2-2: Ball 3-2: Base on Balls
|
|
Batting: RHB Galtero Gioacchini
|
0-0: Ball 1-0: Ground out 4-3 (Groundball, 34S, EV 81.3 MPH) Abraham Becerra to second
|
|
Pinch Hitting: LHB Gary Weinberger
|
0-0: Ball 1-0: Ball 2-0: Ball 3-0: Called Strike 3-1: Base on Balls
|
|
Batting: LHB Rodney Hodde
|
0-0: Called Strike 0-1: Ball 1-1: Called Strike 1-2: Foul Ball, location: 2F 1-2: Grounds into double play, 4-6-3 (Groundball, 4, EV 78.8 MPH)
|
| Bottom of the 9th over - 0 runs, 0 hits, 0 errors, 1 left on base; Clearwater 5 - Fort Myers 4 |
|